 Dungeon Crawl Stone Soup version 0.32-a0-711-g016ad743e0 (webtiles) character file.

Game seed: 13596488359149227299

56931 Ruich the Skirmisher (level 14, -3/126 HPs)
             Began as a Demigod Hunter on Mar 15, 2024.
             Killed from afar by an efreet (11 damage)
             ... with a fireball
             ... on level 14 of the Dungeon.
             The game lasted 00:55:29 (26877 turns).

Ruich the Skirmisher (Demigod Hunter)              Turns: 26877, Time: 00:55:30

Health: -3/126     AC: 25    Str: 21    XL:     14   Next: 10%
Magic:  22/22      EV: 22    Int: 13    God:
Gold:   1096       SH:  5    Dex: 29    Spells: 12/18 levels left

rFire   + . .        o - +7 sling "Munoratu" {drain, Will+++ Int-2}
rCold   . . .        (no shield)
rNeg    . . .        w - +10 scale mail of Vexation {Fly rF+}
rPois   .            e - +2 helmet
rElec   +            O - +1 cloak of Efach {rElec Str+9 SInv}
rCorr   .            G - +0 pair of gloves
SInv    +            (no boots)
Will    ++++.        L - amulet of reflection
Stlth   ++           H - ring of wizardry
HPRegen 0.41/turn    b - +5 ring of evasion
MPRegen 0.18/turn

%: reflection, wizardry (x1)
@: flying
A: high MP 1, forlorn, divine attributes
a: no special abilities


You were on level 14 of the Dungeon.
You visited 2 branches of the dungeon, and saw 19 of its levels.

You collected 1300 gold pieces.
You spent 204 gold pieces at shops.


Innate Abilities, Weirdness & Mutations

You have an increased reservoir of magic. (+10% MP)
You shall have no god before yourself.
Your divine heritage dramatically boosts your attributes as you level up.


   Skills:
 + Level 12.2 Fighting
 - Level 14.0 Ranged Weapons
 + Level 8.8 Armour
 + Level 9.1 Dodging
 - Level 5.0 Stealth
 + Level 2.9 Spellcasting
 + Level 7.3 Hexes


You had 12 spell levels left.
You knew the following spells:

 Your Spells              Type           Power      Damage    Failure   Level
c - Cause Fear            Hex            10%        N/A       11%         4
j - Jinxbite              Hex            40%        N/A       1%          2

Your spell library contained the following spells:

 Spells                   Type           Power      Damage    Failure   Level
 Ensorcelled Hibernation  Hex/Ice        22%        N/A       8%          2
 Dazzling Flash           Conj/Hex       22%        N/A       16%         3
 Apportation              Tloc           2%         N/A       22%         1
 Necrotise                Necr           4%         1d4       22%         1
 Sting                    Conj/Alch      4%         1d3       22%         1
 Summon Small Mammal      Summ           4%         N/A       22%         1
 Lesser Beckoning         Tloc           2%         N/A       32%         2
 Anguish                  Hex/Necr       5%         N/A       43%         4
 Fugue of the Fallen      Necr           1%         N/A       52%         3
 Gell's Gravitas          Tloc           1%         N/A       52%         3
 Mephitic Cloud           Conj/Alch/Air  1%         N/A       52%         3
 Stone Arrow              Conj/Erth      2%         3d7       52%         3
 Teleport Other           Tloc           1%         N/A       52%         3
 Volatile Blastmotes      Fire/Tloc      2%         2d10      52%         3
 Metabolic Englaciation   Hex/Ice        5%         N/A       77%         5
 Silence                  Hex/Air        5%         N/A       77%         5
 Animate Armour           Summ/Erth      2%         N/A       89%         4
 Fulminant Prism          Conj/Alch      0%         3d5       89%         4
 Ignite Poison            Fire/Alch      1%         N/A       89%         4
 Iskenderun's Mystic Bla  Conj/Tloc      1%         2d3       89%         4
 Leda's Liquefaction      Alch/Erth      0%         N/A       89%         4
 Petrify                  Alch/Erth      1%         N/A       89%         4
 Sticky Flame             Fire/Alch      1%         2d4       89%         4
 Summon Lightning Spire   Summ/Air       1%         N/A       89%         4
 Vhi's Electric Charge    Tloc/Air       2%         N/A       89%         4
 Alistair's Intoxication  Alch           0%         N/A       99%         5
 Arcjolt                  Conj/Air       0%         1d10      99%         5
 Curse of Agony           Necr           1%         N/A       99%         5
 Fireball                 Conj/Fire      0%         3d3       99%         5
 Lee's Rapid Deconstruct  Erth           0%         3d4*      99%         5
 Plasma Beam              Fire/Air       0%         2x1d10    100%        6
 Ignition                 Fire           0%         3d3       100%        8
 Lehudib's Crystal Spear  Conj/Erth      0%         10d2      100%        8
 Dragon's Call            Summ           0%         N/A       100%        9

Inventory:

Hand Weapons
 a - a +0 shortbow of draining
 o - the +7 sling "Munoratu" (weapon) {drain, Will+++ Int-2}
   (You found it on level 5 of the Lair of Beasts)

   Int-2:     It affects your intelligence (-2).
   Will+++:   It greatly increases your willpower.
 U - the +6 orcbow of Tension {flame, rPois}
   (You bought it in a shop on level 13 of the Dungeon)

   rPois:     It protects you from poison.
 W - a +0 arbalest
Missiles
 i - 3 throwing nets {=f}
Armour
 e - a +2 helmet (worn)
 g - a +2 robe of willpower
 w - the +10 scale mail of Vexation (worn) {Fly rF+}
   (You found it on level 4 of the Dungeon)

   rF+:       It protects you from fire.
   Fly:       It grants you flight.
 G - a +0 pair of gloves (worn)
 O - the +1 cloak of Efach (worn) {rElec Str+9 SInv}
   (You acquired it on level 13 of the Dungeon)

   Str+9:     It affects your strength (+9).
   rElec:     It insulates you from electricity.
   SInv:      It lets you see invisible.
Jewellery
 b - a +5 ring of evasion (right hand)
 j - a ring of ice
 k - a +4 ring of slaying
 B - a ring of resist corrosion
 H - a ring of wizardry (left hand)
 J - a ring of flight
 L - an amulet of reflection (around neck)
 S - an amulet of the acrobat
 X - a +6 ring of dexterity
Wands
 n - a wand of roots (13)
 I - a wand of digging (15)
 N - a wand of flame (10)
 V - a wand of paralysis (5)
Scrolls
 h - a scroll of revelation
 x - 3 scrolls of brand weapon
 y - 2 scrolls of silence {!r}
 z - 4 scrolls of teleportation {@r2}
 A - 2 scrolls of enchant armour
 C - 2 scrolls of amnesia
 D - a scroll of blinking
 F - 2 scrolls of vulnerability
 K - a scroll of fear
 M - a scroll of identify {@r1}
 R - a scroll of immolation
 T - a scroll of enchant weapon
Potions
 c - 2 potions of enlightenment
 d - 2 potions of attraction
 f - 4 potions of heal wounds {@q2}
 l - a potion of berserk rage {!q}
 m - 2 potions of cancellation
 p - 5 potions of brilliance
 q - a potion of invisibility
 r - a potion of curing {@q1}
 s - 5 potions of lignification
 t - 3 potions of haste {@q3}
 u - 4 potions of resistance
 v - 3 potions of might
Miscellaneous
 P - a lightning rod (4/4)
 Q - a phantom mirror (inert)

Dungeon Overview and Level Annotations

Branches:
Dungeon (14/15) Zot: 25674  Temple (0/1) D:5            Lair (5/5) D:10 Zot: 18504
  Swamp (0/4) Lair:3       Spider (0/4) Lair:3        Slime (0/5) Lair:5
    Orc (0/2) D:12
 Vaults: D:13-14

Shops:
D:11 *   D:13 (   D:14 (

Annotations:
D:12 3 runed translucent doors, SageDae's ghost, journeyman MDFi

...................#
#......
.................?.#
#......
.#######...........#
#.....R .# #...........#
#....(. .# #...........#
#...... .# #...........#
#.....# .# #...........#
☼.....# .#
#...........#######.....W#
.#
#........@..)..RW☼R#.....#
.#
#............####.##.....#
.# #...........##
.###.....#
.#######...........# .#
#.....#
..)................# .#
#......
###############.####.#
####### ##.## ## #.## ###


You could see an efreet and a wraith.


Message History

The sling bullet barely misses the efreet.
Agnes closely misses you. Agnes completely misses you.
You shoot a sling bullet. The efreet is lightly wounded.
Agnes hits you with a +2 lajatang of speed!!
* * * LOW HITPOINT WARNING * * *
The wraith closely misses you. Agnes completely misses you.
Unknown command.
Blink to where?
Press: ? - help, Dir - move target, p - Agnes
As you read the scroll of blinking, it crumbles to dust.
Unknown command.
Fire: o) +7 sling "Munoratu" {drain, Will+++ Int-2}
Press: ? - help, Q - select action, (/) - cycle Shift-Dir - straight line, f - Agnes
Aim: Agnes, wielding a +2 lajatang of speed and wearing a +0 robe (severely wounded, lightly drained, 58% to hit)
You shoot a sling bullet.
Unknown command.
Fire: o) +7 sling "Munoratu" {drain, Will+++ Int-2}
Press: ? - help, Q - select action, (/) - cycle Shift-Dir - straight line, f/p - Agnes
Aim: Agnes, wielding a +2 lajatang of speed and wearing a +0 robe (severely wounded, lightly drained, 58% to hit)
You shoot a sling bullet.
Agnes is almost dead.
Fire: o) +7 sling "Munoratu" {drain, Will+++ Int-2}
Press: ? - help, Q - select action, (/) - cycle Shift-Dir - straight line, f/p - Agnes
Aim: Agnes, wielding a +2 lajatang of speed and wearing a +0 robe (almost dead, lightly drained, 58% to hit)
You shoot a sling bullet. You drain Agnes.
You kill Agnes!
The efreet gestures at you.
The fireball explodes!
The fireball engulfs you! You resist.
You die...

Skill      XL: |  1  2  3  4  5  6  7  8  9 10 11 12 13 |
---------------+----------------------------------------+-----
Fighting       | 2 3 4 5 6 8 9 10 11 12 | 12.2
Ranged Weapons | 4 5 6 8 10 11 13 14 | 14.0
Dodging        | 3 5 7 9 |  9.1
Armour         | 3 5 7 8 |  8.8
Hexes          | 2 5 7 |  7.3
Stealth        | 3 5 |  5.0
Spellcasting   | 2 |  2.9

Action                     |  1- 3 |  4- 6 |  7- 9 | 10-12 | 13-15 || total
---------------------------+-------+-------+-------+-------+-------++-------
   Fire: Shortbow          |   170 |   166 |   313 |   794 |   183 ||  1626
         Sling             |       |       |       |       |   477 ||   477
  Throw: Dart              |       |     5 |     6 |    11 |    15 ||    37
   Cast: Jinxbite          |       |       |       |     2 |     2 ||     4
         Cause Fear        |       |       |       |       |     3 ||     3
  Evoke: Wand              |       |     1 |     2 |       |     1 ||     4
         Phantom mirror    |       |       |       |       |     1 ||     1
    Use: Scroll            |       |     1 |    12 |    19 |     8 ||    40
         Potion            |       |       |     2 |     6 |     1 ||     9
 Armour: Leather armour    |    58 |    26 |       |       |       ||    84
         Scale mail        |       |    76 |   259 |   491 |   237 ||  1063
  Dodge: Dodged            |    49 |    67 |   108 |   339 |   206 ||   769
  Block: Other             |       |       |       |    41 |    58 ||    99
         Reflection        |       |       |       |       |     1 ||     1

Levels and vault maps discovered:
D:1:      scummos_arrival_forest, layout_loops_cross
D:2:      layout_rooms, serial_undead, serial_undead_f, serial_undead_e,
          serial_undead_a, serial_undead_f, serial_undead_a, serial_undead_b,
          serial_undead_d, serial_undead_f, serial_undead_f, serial_undead_a
D:3:      mumra_celtic_spiral_tile, layout_loops_ring, portal_sewer_entry_b
D:4:      layout_loops_ring, uniq_natasha
D:5:      layout_rooms, minmay_temple_entry_poolview
D:6:      layout_basic
D:7:      layout_basic, kb_rosetta
D:8:      layout_loops_cross, serial_aquarium, aquarium_bridge_island_small
          [aquarium_subvault_small_water, aquarium_subvault_wall,
          aquarium_subvault_balcony, aquarium_subvault_bridge,
          aquarium_subvault_bridge], aquarium_bridge_square
          [aquarium_subvault_bridge, aquarium_subvault_wall,
          aquarium_subvault_bridge, aquarium_subvault_bridge],
          aquarium_window_2, aquarium_window_fake, aquarium_window_1,
          aquarium_window_2, aquarium_view_2e, aquarium_pool_S
D:9:      layout_roguey, grunt_temple_overflow_diamond, kennysheep_dice
D:10:     layout_stronghold, grunt_lair_entry_orc_guard_hut,
          kennysheep_flooded_box
D:11:     layout_roguey, serial_shops, shop, serial_co_window_serial,
          co_window_of_opportunity_a, co_window_paths_a, co_window_paths_a,
          co_window_corner_a, co_window_paths_b, co_window_2corner,
          co_window_broadway_a, co_window_broadway_a, co_window_broadway_a,
          co_window_corner_cb, co_window_paths_e, glass_columns_b,
          glass_columns_a, glass_columns_a, glass_columns_c,
          grunt_dithmenos_smoke_and_mirrors
D:12:     layout_loops_ring, erik_orc_1, gammafunk_ghost_split
D:13:     layout_long_grid, serial_shops, nicolae_shop_advertising_works
          [nicolae_subvault_shop_adworks], xom_confusion_cloud, uniq_rupert
D:14:     layout_long_grid, hellmonk_vaults_order_and_chaos, serial_shops,
          nicolae_shop_mannequins, nrook_mini_vaults, special_room
          [special_room_bee], item_on_display_b, uniq_jorgrun, uniq_azrael,
          uniq_josephine, uniq_agnes
Lair:1:   layout_loops_ring, special_room
Lair:2:   layout_loops_ring, infiniplex_staircase_pool, uniq_harold
Lair:3:   layout_misc_corridors, mainiacjoe_swamp_entry_lozenge_pond,
          nicolae_spider_entry_tight_spaces, minivault_19, minivault_25
Lair:4:   layout_regular_city, grunt_megastairs_2, serial_bayou_shore_b,
          uniq_kirke
Lair:5:   grunt_lair_end_beastmaster, layout_small_grid,
          nicolae_slime_entry_slimehenge, kennysheep_basilisk_garden,
          serial_bayou_shore_a, grunt_megastairs_3

Notes
Turn   | Place    | Note
-------+----------+-------------------------------------------
     0 | D:1      | Ruich the Demigod Hunter began the quest for the Orb.
     0 | D:1      | Reached XP level 1. HP: 17/17 MP: 3/3
   104 | D:1      | Reached skill level 2 in Fighting
   345 | D:1      | Reached XP level 2. HP: 24/24 MP: 4/4
   382 | D:1      | Reached skill level 4 in Ranged Weapons
   808 | D:2      | Reached XP level 3. HP: 30/30 MP: 5/5
  1342 | D:3      | Reached XP level 4. HP: 37/37 MP: 6/6
  2232 | D:3      | Reached skill level 5 in Ranged Weapons
  2328 | D:4      | Reached skill level 3 in Fighting
  2448 | D:4      | Noticed Natasha
  2452 | D:4      | Killed Natasha
  2453 | D:4      | Reached XP level 5. HP: 45/45 MP: 7/7
  2513 | D:4      | Identified the +10 scale mail of Vexation {Fly rF+}
  2934 | D:4      | Noticed Natasha
  2943 | D:4      | Killed Natasha
  3476 | D:4      | Noticed Natasha
  3482 | D:4      | Killed Natasha
  3500 | D:5      | Entered Level 5 of the Dungeon
  3539 | D:5      | Reached skill level 6 in Ranged Weapons
  3539 | D:5      | Reached XP level 6. HP: 52/52 MP: 8/8
  3586 | D:5      | Reached skill level 4 in Fighting
  3808 | D:5      | Reached XP level 7. HP: 33/60 MP: 9/9
  3919 | D:5      | Reached skill level 7 in Ranged Weapons
  4291 | D:5      | Reached skill level 5 in Fighting
  4574 | D:5      | Found a staircase to the Ecumenical Temple.
  4713 | D:6      | Noticed a kobold demonologist
  4714 | D:6      | Noticed a kobold demonologist
  4737 | D:6      | Noticed a soul eater
  4746 | D:6      | Killed a kobold demonologist
  4747 | D:6      | Reached skill level 8 in Ranged Weapons
  4747 | D:6      | Reached XP level 8. HP: 69/69 MP: 10/10
  4747 | D:6      | Killed a kobold demonologist
  4763 | D:6      | Reached skill level 6 in Fighting
  4763 | D:6      | Reached skill level 9 in Ranged Weapons
  5895 | D:6      | Reached skill level 10 in Ranged Weapons
  5895 | D:6      | Reached XP level 9. HP: 24/78 MP: 11/11
  6179 | D:7      | Noticed a white ugly thing
  6451 | D:7      | Reached skill level 7 in Fighting
  6457 | D:7      | Noticed a two-headed ogre
  6485 | D:7      | Killed a two-headed ogre
  6639 | D:7      | Reached skill level 11 in Ranged Weapons
  6786 | D:7      | Killed a white ugly thing
  6996 | D:7      | Identified 2 potions of resistance
  7548 | D:8      | Reached skill level 8 in Fighting
  8058 | D:9      | Reached XP level 10. HP: 80/88 MP: 13/13
  8088 | D:9      | Noticed a two-headed ogre
  8108 | D:9      | Killed a two-headed ogre
  8109 | D:9      | Reached skill level 12 in Ranged Weapons
  8324 | D:9      | Reached skill level 2 in Dodging
  8555 | D:9      | Reached skill level 1 in Armour
  8930 | D:10     | Entered Level 10 of the Dungeon
  9213 | D:10     | Noticed an elephant
  9234 | D:10     | Killed an elephant
  9235 | D:10     | Reached skill level 2 in Armour
  9235 | D:10     | Reached skill level 3 in Dodging
  9878 | D:10     | Found a staircase to the Lair.
  9878 | D:10     | Noticed an elephant
  9892 | D:10     | Killed an elephant
  9893 | D:10     | Reached skill level 9 in Fighting
 10469 | Lair:1   | Entered Level 1 of the Lair of Beasts
 10851 | Lair:1   | Reached skill level 3 in Armour
 10937 | Lair:1   | Noticed a black mamba
 10945 | Lair:1   | Killed a black mamba
 10946 | Lair:1   | Reached skill level 13 in Ranged Weapons
 10974 | Lair:1   | Reached XP level 11. HP: 88/97 MP: 14/14
 11330 | Lair:2   | Noticed a skyshark
 11339 | Lair:2   | Killed a skyshark
 11434 | Lair:2   | Reached skill level 4 in Dodging
 11492 | Lair:2   | Noticed Harold
 11931 | Lair:2   | Noticed a death yak
 11947 | Lair:1   | Killed a death yak
 12317 | Lair:2   | Noticed a death yak
 12328 | Lair:2   | Noticed a death yak
 12329 | Lair:2   | Noticed a death yak
 12340 | Lair:1   | Killed a death yak
 12341 | Lair:1   | Reached skill level 4 in Armour
 12709 | Lair:2   | Killed a death yak
 12716 | Lair:2   | Killed a death yak
 13109 | Lair:2   | Killed Harold
 13110 | Lair:2   | Reached skill level 5 in Dodging
 13470 | Lair:3   | Learned a level 4 spell: Cause Fear
 13614 | Lair:3   | Learned a level 2 spell: Jinxbite
 13738 | Lair:2   | Reached skill level 1 in Hexes
 13786 | Lair:2   | Reached skill level 10 in Fighting
 13786 | Lair:2   | Reached skill level 14 in Ranged Weapons
 13787 | Lair:2   | Reached skill level 5 in Armour
 14479 | Lair:3   | Found a staircase to the Swamp.
 14479 | Lair:3   | Noticed a goliath frog
 14502 | Lair:3   | Killed a goliath frog
 14503 | Lair:3   | Reached skill level 2 in Hexes
 14794 | Lair:3   | Found a hole to the Spider Nest.
 14955 | Lair:4   | Noticed a six-headed hydra
 14956 | Lair:4   | Noticed a skyshark
 14980 | Lair:3   | Reached XP level 12. HP: 53/106 MP: 15/15
 15218 | Lair:4   | Killed a six-headed hydra
 15219 | Lair:4   | Reached skill level 6 in Dodging
 15298 | Lair:4   | Reached skill level 3 in Hexes
 15810 | Lair:4   | Reached skill level 6 in Armour
 15885 | Lair:4   | Noticed Kirke
 15888 | Lair:4   | Noticed a sphinx
 15914 | Lair:4   | Killed Kirke
 16105 | Lair:4   | Noticed a four-headed hydra
 16114 | Lair:4   | Killed a four-headed hydra
 16115 | Lair:4   | Reached skill level 4 in Hexes
 16528 | Lair:5   | Entered Level 5 of the Lair of Beasts
 16559 | Lair:5   | Reached skill level 7 in Dodging
 16579 | Lair:5   | Reached skill level 1 in Stealth
 16628 | Lair:5   | Noticed a four-headed hydra
 16930 | Lair:5   | Killed a four-headed hydra
 17104 | Lair:5   | Reached skill level 2 in Stealth
 17170 | Lair:5   | Reached skill level 11 in Fighting
 17278 | Lair:5   | Reached skill level 7 in Armour
 17490 | Lair:5   | Noticed a four-headed hydra
 17490 | Lair:5   | Noticed an eight-headed hydra
 17529 | Lair:5   | HP: 6/110 [black mamba (7)]
 17835 | Lair:5   | Reached skill level 5 in Hexes
 18337 | Lair:5   | Reached skill level 3 in Stealth
 19122 | Lair:5   | Killed a four-headed hydra
 19123 | Lair:5   | Reached XP level 13. HP: 108/116 MP: 16/16
 19432 | Lair:5   | Found a staircase to the Slime Pits.
 20476 | Lair:5   | Reached skill level 4 in Stealth
 20843 | Lair:5   | Reached skill level 8 in Dodging
 21518 | Lair:5   | Reached skill level 6 in Hexes
 21797 | Lair:5   | Identified the +7 sling "Munoratu" {drain, Will+++ Int-2}
 22090 | D:11     | Found Puenoeg's Assorted Antiques.
 22709 | D:11     | Reached skill level 8 in Armour
 22802 | D:11     | Reached skill level 5 in Stealth
 23096 | D:11     | Upgraded the game from 0.32-a0-705-g60f233581c to
                  | 0.32-a0-711-g016ad743e0
 23358 | D:12     | Noticed SageDae's ghost (journeyman MDFi)
 23360 | D:12     | Found a runed translucent gate.
 23361 | D:12     | Found a runed translucent gate.
 23361 | D:12     | Found a runed translucent gate.
 23900 | D:12     | Reached skill level 1 in Spellcasting
 23917 | D:12     | Found a staircase to the Orcish Mines.
 24614 | D:13     | Found Dufy's Antique Weapon Shoppe.
 24622 | D:13     | Bought a transparent orcbow for 204 gold pieces
 24622 | D:13     | Identified the +6 orcbow of Tension {flame, rPois} (You
                  | bought it in a shop on level 13 of the Dungeon)
 24707 | D:13     | Identified a scroll of acquirement
 24708 | D:13     | Acquired the +1 cloak of Efach {rElec Str+9 SInv}
 24831 | D:13     | Reached skill level 12 in Fighting
 24831 | D:13     | Reached skill level 2 in Spellcasting
 24998 | D:13     | Noticed Rupert
 25018 | D:13     | Killed Rupert
 25019 | D:13     | Reached skill level 7 in Hexes
 25709 | D:14     | Found Lezu's Weapon Shoppe.
 25710 | D:14     | Noticed Azrael
 25805 | D:13     | Reached skill level 9 in Dodging
 25816 | D:13     | Reached XP level 14. HP: 95/126 MP: 21/21
 26170 | D:13     | Killed Azrael
 26390 | D:14     | Noticed Jorgrun
 26496 | D:14     | Noticed Agnes
 26574 | D:14     | Killed Jorgrun
 26873 | D:14     | HP: 6/126 [Agnes/+2 lajatang of speed (22)]
 26877 | D:14     | Killed Agnes
 26877 | D:14     | Killed from afar by an efreet

Vanquished Creatures
  Jorgrun (D:14)
  Rupert (D:13)
  Agnes (D:14)
  6 hydras
  Harold (Lair:2)
  A catoblepas (Lair:5)
  A centaur warrior (D:13)
  3 boulder beetles
  2 two-headed ogres
  9 death yaks
  A deep troll shaman (Lair:5)
  3 skysharks
  A goliath frog (Lair:3)
  2 deep elf pyromancers (D:13)
  3 manticores
  3 ugly things
  4 cyclopes
  6 elephants
  A meliai (D:13)
  8 black mambas
  12 cane toads
  4 efreet
  5 komodo dragons
  A tengu conjurer (D:14)
  5 kobold demonologists
  3 rime drakes
  7 trolls
  4 hornets
  A polar bear (Lair:5)
  11 dream sheep
  7 blink frogs
  7 slime creatures
  3 jumping spiders (Lair:3)
  3 wraiths
  3 shadows
  10 yaks
  3 hogs (Lair:4)
  4 wyverns
  5 fire elementals
  7 basilisks
  3 redbacks (Lair:3)
  A hell hound (D:14)
  An acid dragon (D:11)
  13 water moccasins
  A swamp drake (D:12)
  5 orc warriors
  A sky beast (D:7)
  5 black bears
  3 laughing skulls (D:13)
  8 wolves
  2 ogres (D:5)
  3 centaurs
  A phantom (D:5)
  A kobold brigand (D:6)
  A gnoll sergeant (D:11)
  2 scorpions
  7 bullfrogs
  16 killer bees
  6 electric eels
  2 howler monkeys
  A lava snake (D:10)
  7 orc priests
  2 hounds
  A bombardier beetle (D:5)
  2 gnoll boudas
  7 jellies
  Natasha (thrice) (D:4)
  2 iguanas
  7 orc wizards
  15 gnolls
  11 adders
  A shadow imp (D:8)
  A white imp (D:6)
  2 ufetubi (D:6)
  2 adder skeletons (D:2)
  2 adder zombies (D:2)
  40 orcs
  2 bat skeletons (D:2)
  A bat zombie (D:2)
  16 endoplasms
  3 giant cockroaches (D:3)
  6 hobgoblins
  4 jackals (D:5)
  4 quokkas
  8 ball pythons
  A ball python skeleton (D:2)
  A ball python zombie (D:2)
  7 bats
  2 frilled lizards
  3 goblins
  A jackal skeleton (D:2)
  14 kobolds
  2 quokka zombies (D:2)
  8 rats
434 creatures vanquished.

Vanquished Creatures (collateral kills)
  Azrael (D:13)
  A hell hound (D:13)
  A phantom (D:5)
3 creatures vanquished.

Vanquished Creatures (others)
  Kirke (Lair:4)
  A centaur warrior (D:13)
  A cyclops (D:13)
  An unseen horror (D:13)
  A tengu conjurer (D:13)
5 creatures vanquished.

Grand Total: 442 creatures vanquished

Table legend: (Time is in decaauts)
 A = Elapsed time spent in this place.
 B = Non-inter-level travel time spent in this place.
 C = Inter-level travel time spent in this place.
 D = Time resting spent in this place.
 E = Time spent auto-exploring this place.
 F = Levels seen in this place.
 G = Mean time per level.
                   A        B        C        D        E       F      G
               +--------+--------+--------+--------+--------+-----+--------+
         Total |  26982 |  25817 |   1165 |   9650 |  11761 |  19 | 1420.1 |
       Dungeon |  15487 |  14758 |    729 |   3761 |   8294 |  14 | 1106.2 |
          Lair |  11495 |  11060 |    435 |   5889 |   3467 |   5 | 2299.0 |
               +--------+--------+--------+--------+--------+-----+--------+

Top non-repeatable levels by time:
  Lair:5: 4606 daAuts
  Lair:4: 2105 daAuts
  Lair:1: 1715 daAuts
     D:4: 1677 daAuts
  Lair:2: 1627 daAuts
    D:10: 1611 daAuts
    D:13: 1586 daAuts
     D:6: 1562 daAuts
  Lair:3: 1440 daAuts
    D:11: 1190 daAuts
    D:12: 1161 daAuts
     D:3: 1122 daAuts
     D:9: 1067 daAuts
     D:8: 917 daAuts
    D:14: 794 daAuts

Table legend:
 A = Non-vault XP
 B = Vault XP
 C = Vault XP percentage of total XP
 D = Non-vault monster count
 E = Vault monster count
 F = Vault count percentage of total count
                 A         B        C        D         E       F
            +---------+---------+-------+---------+---------+-------
      Total |   50110 |   32564 |  39.4 |     321 |     117 |  26.7
            +---------+---------+-------+---------+---------+-------
        D:1 |      25 |       0 |   0.0 |      18 |       0 |   0.0
        D:2 |      44 |      31 |  41.3 |      19 |      12 |  38.7
        D:3 |      35 |      24 |  40.7 |      11 |       8 |  42.1
        D:4 |     232 |      39 |  14.4 |      23 |       1 |   4.2
        D:5 |    1014 |       0 |   0.0 |      21 |       0 |   0.0
        D:6 |    1369 |     223 |  14.0 |      22 |       1 |   4.3
        D:7 |     719 |    1597 |  69.0 |      18 |       3 |  14.3
        D:8 |     607 |       0 |   0.0 |       8 |       0 |   0.0
        D:9 |    1744 |    1027 |  37.1 |      19 |       2 |   9.5
       D:10 |     882 |    1320 |  59.9 |      16 |       5 |  23.8
       D:11 |    3004 |       0 |   0.0 |      22 |       0 |   0.0
       D:12 |    4163 |    1158 |  21.8 |      15 |      18 |  54.5
       D:13 |    4835 |    6476 |  57.3 |      11 |      13 |  54.2
       D:14 |    1897 |    3766 |  66.5 |       6 |       6 |  50.0
     Lair:1 |    4414 |       0 |   0.0 |      15 |       0 |   0.0
     Lair:2 |    5645 |     855 |  13.2 |      18 |       1 |   5.3
     Lair:3 |    1974 |    2304 |  53.9 |       6 |       8 |  57.1
     Lair:4 |    6014 |    4233 |  41.3 |      18 |       8 |  30.8
     Lair:5 |   11493 |    9511 |  45.3 |      35 |      31 |  47.0
            +---------+---------+-------+---------+---------+-------
